 Dungeon Crawl Stone Soup version 0.32-a0-861-g165e151e72 (webtiles) character file.

Game seed: 5290817921489268807

36 Essalna the Firebug (level 3, -2/26 HPs)
             Began as a Demonspawn Fire Elementalist on Mar 28, 2024.
             Slain by a gnoll
             ... wielding a +0 halberd
              (12 damage)
             ... on level 2 of the Dungeon.
             The game lasted 00:01:41 (1162 turns).

Essalna the Firebug (Demonspawn Fire Elementalist)  Turns: 1162, Time: 00:01:42

Health: -2/26      AC:  2    Str:  8    XL:     3   Next: 19%
Magic:  4/6        EV: 11    Int: 17    God:
Gold:   77         SH:  0    Dex: 13    Spells: 3/6 levels left

rFire   . . .        f - +0 sling
rCold   . . .        (no shield)
rNeg    . . .        a - +0 robe
rPois   .            (no helmet)
rElec   .            (no cloak)
rCorr   .            (no gloves)
SInv    .            (no boots)
Will    .....        (no amulet)
Stlth   ++           (no ring)
HPRegen 0.24/turn    (no ring)
MPRegen 0.10/turn

%: no passive effects
@: no status effects
A: ignite blood 2
a: no special abilities


You were on level 2 of the Dungeon.
You visited 1 branch of the dungeon, and saw 2 of its levels.

You collected 77 gold pieces.

Inventory:

Hand Weapons
 f - a +0 sling (weapon)
Armour
 a - a +0 robe (worn)
Scrolls
 d - a scroll of revelation {unknown}
 e - a scroll of fog {unknown}
 g - a scroll of vulnerability {unknown}
 h - a scroll of poison {unknown}
 i - a scroll of immolation {unknown}
 j - a scroll of amnesia {unknown}
 k - a scroll of summoning {unknown}
 l - a scroll of identify {unknown}
Potions
 b - a potion of magic
 c - a potion of attraction {unknown}


   Skills:
 + Level 1.2 Fighting
 - Level 1.7 Dodging
 - Level 1.7 Stealth
 + Level 2.3 Spellcasting
 + Level 1.7 Conjurations
 + Level 3.0 Fire Magic


You had 3 spell levels left.
You knew the following spells:

 Your Spells              Type           Power      Damage    Failure   Level
a - Foxfire               Conj/Fire      40%        2x1d6     7%          1
b - Scorch                Fire           24%        2d6       8%          2

Your spell library contained the following spells:

 Spells                   Type           Power      Damage    Failure   Level
 Inner Flame              Hex/Fire       7%         N/A       30%         3
 Volatile Blastmotes      Fire/Tloc      14%        2d11      30%         3
 Flame Wave               Conj/Fire      10%        2d6       56%         4


Dungeon Overview and Level Annotations

Branches:
Dungeon (2/15)

Altars:


Innate Abilities, Weirdness & Mutations

Your demonic aura often causes spilled blood to erupt in flames.


Message History

Your blood runs red-hot! 2 gnolls come into view.
The gnoll shouts!
You hear a shout!
You shoot a sling bullet.
The sling bullet barely misses the gnoll.
The sling bullet hits the gnoll.
The gnoll is lightly wounded.
You shoot a sling bullet.
The sling bullet barely misses the gnoll.
You shoot a sling bullet. The sling bullet hits the gnoll.
The gnoll is lightly wounded.
A rat comes into view.
You shoot a sling bullet. The rat squeaks loudly.
The sling bullet hits the gnoll.
The gnoll is heavily wounded.
The gnoll hits you from afar with a +0 halberd.
A gnoll comes into view. It is wielding a +0 spear.
A hobgoblin comes into view.
The gnoll hits you but does no damage.
You shoot a sling bullet. The hobgoblin shouts!
The sling bullet hits the gnoll.
The gnoll is moderately wounded.
The gnoll barely misses you. The gnoll completely misses you.
You shoot a sling bullet. The sling bullet hits the gnoll.
The gnoll is moderately wounded.
The gnoll hits you with a +0 club.
The gnoll hits you from afar with a +0 halberd.
You are too injured to fight recklessly!
You are too injured to fight recklessly!
The gnoll attacks as it pursues you! The gnoll hits you with a +0 club.
The gnoll attacks as it pursues you! The gnoll hits you with a +0 club.
Casting: Foxfire (safe; 7% risk of failure)
Confirm with . or Enter, or press ? or * to list all spells.
Flames lash the gnoll.
The gnoll is almost dead.
The gnoll's fire resistance burns away.
The gnoll hits you from afar with a +0 halberd!
You die...

######## #...######
#.#..#### #.##....## ##
#.#####... ...
##+#+##...... ....
#.....#...... .....
#.....#.....#
.....=########.....#.....#
.......gg@.........#.....#
......)#####.......#.....#
....... +.............+
.)..... #....#+##)....#
......# #####.........#
.....r #........## ......
#........# ......
#........# #........#


You could see 2 gnolls.

Vanquished Creatures
  A gnoll (D:2)
  7 bats
  2 endoplasms
  2 goblins
  A hobgoblin (D:1)
  5 kobolds
  A quokka (D:1)
  5 ball pythons (D:1)
  4 rats
28 creatures vanquished.

Vanquished Creatures (others)
  41 foxfires (D:1)
41 creatures vanquished.

Grand Total: 69 creatures vanquished

Notes
Turn   | Place    | Note
-------+----------+-------------------------------------------
     0 | D:1      | Essalna the Demonspawn Fire Elementalist began the quest
                  | for the Orb.
     0 | D:1      | Reached XP level 1. HP: 13/13 MP: 3/3
   450 | D:1      | Gained mutation: Your demonic aura sometimes causes spilled
                  | blood to erupt in flames. [demonic ancestry]
   450 | D:1      | Reached XP level 2. HP: 20/20 MP: 5/5
   523 | D:1      | Reached skill level 1 in Fighting
   889 | D:2      | Reached skill level 3 in Fire Magic
   992 | D:2      | Learned a level 2 spell: Scorch
  1135 | D:2      | Gained mutation: Your demonic aura often causes spilled
                  | blood to erupt in flames. [demonic ancestry]
  1135 | D:2      | Reached XP level 3. HP: 21/26 MP: 6/6
  1162 | D:2      | Slain by a gnoll

Illustrated notes

Levels and vault maps discovered:
D:1:      scummos_arrival_forest, layout_loops_ring, corexii_leaking_fountain,
          nrook_mini_vaults, chequers_serial_rivers_room_a, minmay_tromino_mix6
D:2:      layout_basic

Skill      XL: |  1  2 |
---------------+-------+-----
Fighting       | 1 |  1.2
Fire Magic     | 3 |  3.0
Dodging        | |  1.7
Stealth        | |  1.7
Spellcasting   | |  2.3
Conjurations   | |  1.7

Action                     || total
---------------------------++-------
  Melee: Unarmed           ||    18
   Fire: Sling             ||    57
   Cast: Foxfire           ||    27
         Scorch            ||     1
   Stab: Sleeping          ||     1
 Armour: Robe              ||    63
  Dodge: Dodged            ||    26

Table legend: (Time is in decaauts)
 A = Elapsed time spent in this place.
 B = Non-inter-level travel time spent in this place.
 C = Inter-level travel time spent in this place.
 D = Time resting spent in this place.
 E = Time spent auto-exploring this place.
 F = Levels seen in this place.
 G = Mean time per level.
                   A        B        C        D        E       F      G
               +--------+--------+--------+--------+--------+-----+--------+
         Total |   1184 |   1160 |     24 |      0 |    932 |   2 |  592.0 |
       Dungeon |   1184 |   1160 |     24 |      0 |    932 |   2 |  592.0 |
               +--------+--------+--------+--------+--------+-----+--------+

Top non-repeatable levels by time:
     D:1: 869 daAuts
     D:2: 314 daAuts
